 Dungeon Crawl Stone Soup version 0.14-a0-30-gf0b6e91 (webtiles) character file.

316 Malachi the Ducker (level 4, 0/25 HPs)
             Began as a Spriggan Fighter on Sept 27, 2013.
             Slain by a bat (1 damage)
             ... on Level 4 of the Dungeon.
             The game lasted 00:03:43 (2606 turns).

Malachi the Ducker (Spriggan Fighter)               Turns: 2606, Time: 00:03:44

HP   0/25        AC  2     Str 12      XL: 4   Next: 21%
MP   7/7         EV 20     Int  9      God:
Gold 234         SH 13     Dex 16      Spells:  0 memorised,  3 levels left

Res.Fire  : . . .   See Invis. : +   a - +0 short sword
Res.Cold  : . . .   Warding    : .   b - +0 robe
Life Prot.: . . .   Conserve   : .   c - +0 buckler
Res.Poison: .       Res.Corr.  : .   (helmet restricted)
Res.Elec. : .       Clarity    : .   (no cloak)
Sust.Abil.: . .     Spirit.Shd : .   (gloves unavailable)
Res.Mut.  : .       Stasis     : .   (boots unavailable)
Res.Rott. : .       Flight     : .   (no amulet)
Saprovore : . . .                    (no ring)
                                     q - ring of teleport control

@: very quick, slightly resistant to hostile enchantments, unstealthy
A: unfitting armour, see invisible, herbivore 3, speed 3, slow metabolism 2
a: Evoke Teleport Control


You were on level 4 of the Dungeon.
You were not hungry.

You visited 1 branch of the dungeon, and saw 4 of its levels.

You collected 214 gold pieces.

Inventory:

Hand weapons
 a - a +0,+0 short sword (weapon)
Armour
 b - a +0 robe (worn)
 c - a +0 buckler (worn)
Comestibles
 i - 2 apples
 o - a pear
Scrolls
 e - 2 scrolls of remove curse {unknown}
 g - 2 scrolls of noise {unknown}
 j - 2 scrolls of enchant armour {unknown}
 k - 4 scrolls of identify {unknown}
 l - a scroll of curse jewellery {unknown}
 n - a scroll of recharging {unknown}
 p - 6 scrolls of teleportation {unknown}
 t - 2 scrolls of amnesia {unknown}
 u - a scroll of fear {unknown}
Jewellery
 q - a ring of teleport control (left hand)
Potions
 d - a potion of porridge
 f - 2 potions of magic {unknown}
 h - a potion of invisibility {unknown}
 m - 3 potions of heal wounds {unknown}
 r - a potion of flight {unknown}
 s - a potion of cure mutation {unknown}
 v - 2 potions of curing


   Skills:
 + Level 2.8 Fighting
 * Level 2.9 Short Blades
 * Level 6.0 Dodging
 + Level 0.4 Stealth
 + Level 2.3 Shields


You had 3 spell levels left.
You didn't know any spells.

Dungeon Overview and Level Annotations

Branches:
Dungeon (4/27)
 Temple: D:4-7

Altars:
Cheibriados
Vehumet
Xom


Innate Abilities, Weirdness & Mutations

You are tiny and cannot use many weapons and most armour.
You have supernaturally acute eyesight.
You are a herbivore.
You cover ground extremely quickly.
You need consume almost no food.


Message History

You kill the kobold!
The bat completely misses you. The bat misses you.
Found 20 darts.
You see here an elven dagger.
The bat completely misses you.
You closely miss the bat. The bat barely misses you.
The hobgoblin barely misses you. You block the bat's attack.
The bat closely misses you. You block the bat's attack.
Found a bread ration and a scroll labeled VIESODY SHEPS.
You hit the bat.
The bat is severely wounded.
The bat closely misses you. You block the giant cockroach's attack.
You block the hobgoblin's attack.
The giant cockroach waves its antennae.
The giant cockroach closely misses you. The bat hits you.
You die...

#.# .# #.#
.# #.# .#
#O##.#####
#)........
#.......).
#...$>....%
#.gs.>.....
##@........
#b......?.
#........
..(.#####
.....
.....##
######


You could see an ogre, a giant cockroach, a hobgoblin and a bat.

Vanquished Creatures
  Jessica (D:2)
  An adder (D:2)
  A giant mite (D:1)
  A worm (D:2)
  3 orcs (D:3)
  A bat skeleton (D:4)
  5 goblins
  4 hobgoblins
  A jackal (D:3)
  6 kobolds
  3 bats (D:1)
  2 giant cockroaches (D:3)
  A giant gecko (D:3)
  3 giant newts
  A quokka (D:3)
  11 rats
45 creatures vanquished.

Notes
Turn   | Place    | Note
--------------------------------------------------------------
     0 | D:1      | Malachi, the Spriggan Fighter, began the quest for the Orb.
     0 | D:1      | Reached XP level 1. HP: 12/12 MP: 1/1
   529 | D:1      | Reached XP level 2. HP: 16/16 MP: 3/3
   800 | D:1      | Reached skill level 5 in Dodging
   885 | D:2      | Found a shimmering altar of Xom.
  1023 | D:2      | Found a snail-covered altar of Cheibriados.
  1057 | D:2      | Reached XP level 3. HP: 11/21 MP: 5/5
  1303 | D:2      | Noticed Jessica
  1318 | D:2      | Killed Jessica
  2096 | D:3      | Reached XP level 4. HP: 14/25 MP: 7/7
  2151 | D:3      | Found a radiant altar of Vehumet.
  2556 | D:4      | Noticed an ogre
  2561 | D:4      | Reached skill level 6 in Dodging
  2570 | D:4      | HP: 1/25 [ogre/giant club (24)]
  2596 | D:4      | HP: 1/25 [bat (1)]
  2606 | D:4      | Slain by a bat

Action                   |  1- 3 |  4- 6 || total
-------------------------+-------+-------++-------
Melee: Short sword       |   124 |    49 ||   173
  Use: Potion            |     1 |       ||     1
 Stab: Distracted        |     1 |       ||     1
       Sleeping          |     1 |       ||     1
